[Event "*** MasterClass Titled Tuesday Blitz"]
[Site "Chess.com"]
[Date "2017.09.05"]
[Round "6"]
[White "abubakrtagelsir"]
[Black "Mistheoretical"]
[Result "1-0"]
[WhiteElo "2215"]
[BlackElo "2205"]
[TimeControl "180+2"]
[EndTime "14:26:48 PDT"]
[Termination "abubakrtagelsir won on time"]

1. e4 e6 2. d4 d5 3. Nc3 Bb4 4. e5 Ne7 5. a3 Bxc3+ 6. bxc3 b6 7. Qg4 Ng6 8. h4 h5 9. Qg3 Ba6 10.
Bxa6 Nxa6 11. Nf3 Nb8 12. a4 Nc6 13. Ba3 Nce7 14. Ng5 Nf5 15. Qd3 Qd7 16. g3 Qxa4 17. O-O Qc4 18. Qf3 Nf8 19. Rfb1 Nd7 20. Rb4 Qc6 21.
Rb3 g6 22. Rd1 Qa4 23. c4 c6 24. cxd5 cxd5 25. c4 Qxc4 26. Rc3 Qa6 27. Rdc1 1-0

[Event "*** MasterClass Titled Tuesday Blitz"]
[Site "Chess.com"]
[Date "2017.09.05"]
[Round "6"]
[White "2L8IWUN"]
[Black "Daniela_Movileanu"]
[Result "0-1"]
[WhiteElo "1782"]
[BlackElo "2015"]
[TimeControl "180+2"]
[EndTime "14:26:50 PDT"]
[Termination "Daniela_Movileanu won by resignation"]

1. d4 Nf6 2. Bf4 g6 3. Nc3 d5 4. e3 Bg7 5. h4 h5 6. Be2 c5 7. Nb5 Na6 8. c3 Bd7 9. a4 Qa5 10. Nf3 cxd4 11. exd4 O-O 12. O-O Ne4 13. Ne5 Bf5 14.
f3 Nf6 15. Bd3 Bxd3 16. Nxd3 Qb6 17. Qd2 Rac8 18. Rae1 e6 19. Ne5 Rfd8 20. g4 Nb8 21.
gxh5 Nxh5 22. Bh2 a6 23. Na3 Nd7 24. Nxd7 Rxd7 25. Qg5 Kh7 26. Qg2 Re8 27. Be5 Bxe5 28. Rxe5 f6 29. Re2 e5 30. Qg4 Rde7 31. Kh2 exd4 32.
Rg2 Qd6+ 33. Kh1 Nf4 34. Rg3 Re2 35. Rfg1 Rxb2 36. Nb1 Ree2 0-1

[Event "*** MasterClass Titled Tuesday Blitz"]
[Site "Chess.com"]
[Date "2017.09.05"]
[Round "6"]
[White "Bryakin_Mikhail"]
[Black "platy3"]
[Result "0-1"]
[WhiteElo "2535"]
[BlackElo "2568"]
[TimeControl "180+2"]
[EndTime "14:26:59 PDT"]
[Termination "platy3 won on time"]

1. d4 Nf6 2. c4 g6 3. Nc3 Bg7 4. e4 d6 5. h3 O-O 6. Be3 c6 7. Nf3 a6 8. Bd3 b5 9. O-O bxc4 10. Bxc4 d5 11. Bd3 dxe4 12. Nxe4 Nd5 13. Bd2 Qb6 14. Qa4 a5 15. a3 Ba6 16. Bxa6 Rxa6 17. Rfc1 Nd7 18. Rab1 Rb8 19. b3 e6 20. Nd6 Bf8 21. Ne4 Qb5 22. Qxb5 Rxb5 23. a4 Rb8 24.
Kf1 f6 25. Ke2 Kf7 26. g3 Ba3 27. Rc2 Be7 28. Rcc1 h5 29. h4 Bb4 30. Bxb4 Rxb4 31. Nc3 Rab6 32. Nxd5 exd5 33. Rc3 Ke7 0-1

[Event "*** MasterClass Titled Tuesday Blitz"]
[Site "Chess.com"]
[Date "2017.09.05"]
[Round "6"]
[White "chesstatour"]
[Black "Makalexa"]
[Result "0-1"]
[WhiteElo "2066"]
[BlackElo "2159"]
[TimeControl "180+2"]
[EndTime "14:27:01 PDT"]
[Termination "Makalexa won on time"]

1. c4 c5 2. Nf3 Nc6 3. d4 cxd4 4. Nxd4 g6 5. Nc3 Bg7 6. Nc2 Bxc3+ 7. bxc3 Qa5 8. Bd2 Nf6 9. f3 d6 10. e4 O-O 11.
Be2 Be6 12. O-O Rac8 13. Ne3 Ne5 14. Qb3 Qc5 15. Kh1 b6 16. Nd5 Rfe8 17. Be3 Qc6 18. a4 Nxc4 19. Nxf6+ exf6 20. Bh6 Nd2 21. Qd1 Nxf1 22.
Bb5 Qxc3 23. Bxe8 Ne3 24. Bxe3 Qxe3 25. Bb5 h5 26. h3 Qf4 27. Rb1 h4 28. Bf1 Qg3 29.
Qe1 Qf4 0-1

[Event "*** MasterClass Titled Tuesday Blitz"]
[Site "Chess.com"]
[Date "2017.09.05"]
[Round "6"]
[White "jncool68"]
[Black "gammagramma"]
[Result "0-1"]
[WhiteElo "2447"]
[BlackElo "2349"]
[TimeControl "180+2"]
[EndTime "14:27:07 PDT"]
[Termination "gammagramma won by resignation"]

1. e4 e6 2. d4 d5 3. Nd2 Nc6 4. Ngf3 Nf6 5. e5 Nd7 6. Be2 Be7 7. O-O O-O 8. Re1 f6 9. exf6 Bxf6 10. Nf1 e5 11.
dxe5 Ndxe5 12. Ng3 Nxf3+ 13. Bxf3 Nd4 14. c3 Nxf3+ 15.
Qxf3 c6 16. Qe2 Bd7 17. Be3 Qe7 18. Bd4 Qxe2 19. Rxe2 Bxd4 20. cxd4 Rae8 21. Rae1 Rxe2 22. Rxe2 a5 23. f3 Kf7 24. Kf2 Ra8 25. Nh5 Bf5 26. Nf4 g5 27. Nh5 Bg6 28. Ng3 Ra6 29. Nf1 Rb6 30.
a3 Rb3 31. Rd2 Ke6 32. Ne3 Kd6 33. g3 b6 34. f4 gxf4 35. gxf4 Be4 36. f5 Ke7 37.
Re2 Kf6 38. Kg3 Bxf5 39. Kf4 Be4 40. Rf2 Ke6 41. Ng4 h5 42. Ne5 c5 43. dxc5 bxc5 44.
Nc6 a4 45. Kg5 Bf3 46. Na5 Re3 47. Nb7 d4 48. Nxc5+ Kd5 49. Nxa4 Rb3 50. Rd2 d3 51. Kf4 Bg4 52. Ke3 Bf5 53. Nc3+ Kc4 54. Nd1 Rb8 55. Nf2 Bh7 56. h4 Re8+ 57. Kf3 Kd4 58. a4 Rf8+ 59.
Kg3 Ke3 60. Rd1 Rf3+ 61. Kg2 Rxf2+ 0-1

[Event "*** MasterClass Titled Tuesday Blitz"]
[Site "Chess.com"]
[Date "2017.09.05"]
[Round "6"]
[White "liquormark"]
[Black "dogeandpika4life"]
[Result "0-1"]
[WhiteElo "2072"]
[BlackElo "2278"]
[TimeControl "180+2"]
[EndTime "14:27:13 PDT"]
[Termination "dogeandpika4life won on time"]

1. c4 e5 2. Nc3 Nc6 3. Nf3 Bc5 4.
g3 d6 5. Bg2 a6 6. O-O f5 7. d3 Nf6 8. a3 O-O 9. e3 Ba7 10. d4 e4 11. Ne1 d5 12. cxd5 Nxd5 13. Qb3 Be6 14. Qxb7 Na5 15. Qxa6 Bb6 16. Qe2 Nxc3 17.
bxc3 Bc4 18. Qb2 Nb3 19. Rb1 Nxc1 20. Rxc1 Qd6 21. Nc2 Bxf1 22. Bxf1 Kh8 23. c4 Ba5 24. Nb4 Bxb4 25. axb4 Qg6 26. c5 h5 27. Bc4 f4 28. exf4 Rxf4 29. b5 Raf8 30. Rc2 h4 31. b6 cxb6 32. cxb6 R4f6 33. b7 Rb6 34. Qa3 Rb1+ 35.
Kg2 h3+ 36. Kxh3 Qh5+ 37. Kg2 Rb8 38. Qb3 Rxb3 0-1

[Event "*** MasterClass Titled Tuesday Blitz"]
[Site "Chess.com"]
[Date "2017.09.05"]
[Round "6"]
[White "biostatistician"]
[Black "Alex_Molchanov"]
[Result "1-0"]
[WhiteElo "2435"]
[BlackElo "2492"]
[TimeControl "180+2"]
[EndTime "14:27:15 PDT"]
[Termination "biostatistician won by resignation"]

1. d4 Nf6 2. Nf3 e6 3. c4 b6 4. Nc3 Bb4 5. Qc2 Bb7 6. a3 Bxc3+ 7. Qxc3 O-O 8. g3 Be4 9. Bg2 c6 10. O-O d5 11. b3 Nbd7 12. Bf4 Rc8 13. c5 Re8 14. b4 Bxf3 15. Bxf3 Ne4 16. Qe3 g5 17. Bd6 Nxd6 18. cxd6 f6 19. Bh5 Nf8 20. Bxe8 Qxe8 21. Rac1 Qd7 22. Qf3 Kg7 23. e4 Qxd6 24. exd5 exd5 25.
Rfe1 Qd7 26. Qe3 Ng6 27. Qe6 Qb7 28. Qd6 a6 29. Re6 Rf8 30. Qxc6 Qxc6 31. Rcxc6 a5 32. b5 h5 33. Rxb6 h4 34. Kg2 g4 35.
Rbc6 h3+ 36. Kf1 a4 37. b6 Rb8 38. Rc7+ Kh6 39. b7 Kg5 40. Ra6 Re8 41. Ra8 Re4 42.
b8=Q Rxd4 43. Rg7 1-0

[Event "*** MasterClass Titled Tuesday Blitz"]
[Site "Chess.com"]
[Date "2017.09.05"]
[Round "6"]
[White "Bad4life"]
[Black "goingin33"]
[Result "0-1"]
[WhiteElo "2160"]
[BlackElo "2274"]
[TimeControl "180+2"]
[EndTime "14:27:17 PDT"]
[Termination "goingin33 won by resignation"]

1. e4 e6 2. d4 d5 3. Nd2 Be7 4.
Bd3 c5 5. exd5 Qxd5 6. Ngf3 cxd4 7. O-O Nf6 8. Re1 Nc6 9. Bc4 Qd6 10. Nb3 a6 11. Nbxd4 Nxd4 12. Nxd4 Qc7 13. Bb3 O-O 14. Qf3 Bd6 15. h4 Rb8 16. Bg5 Nd7 17. Rad1 b5 18. Qh3 Nc5 19. h5 h6 20. Bc1 Nxb3 21. axb3 e5 22. Nf5 Qxc2 23. Nxh6+ gxh6 24. Qg3+ Kh7 25. Rxd6 Be6 26. Qxe5 Rg8 27. Qe3 Rg5 28. Rd3 Rbg8 29. g3 Rxh5 30. Qf3 Rf5 31. Qe4 Qxf2+ 32. Kh1 Rxg3 33.
Rxg3 Qxg3 34. Re3 Qf2 35. Rh3 Qf1+ 36. Kh2 Qxc1 37. Qg2 Qf4+ 38. Kg1 Rg5 39. Qxg5 Qxg5+ 0-1

[Event "*** MasterClass Titled Tuesday Blitz"]
[Site "Chess.com"]
[Date "2017.09.05"]
[Round "6"]
[White "chessking2151"]
[Black "Adham_Fawzy"]
[Result "0-1"]
[WhiteElo "2332"]
[BlackElo "2389"]
[TimeControl "180+2"]
[EndTime "14:27:26 PDT"]
[Termination "Adham_Fawzy won by resignation"]

1. e4 c5 2. Nf3 Nc6 3. Bb5 g6 4. Bxc6 dxc6 5. d3 Bg7 6. h3 Nf6 7. a4 a5 8. Na3 Nd7 9. Nc4 b5 10. Na3 Rb8 11. O-O O-O 12. Bf4 Rb6 13. c3 Ba6 14. Nd2 Ne5 15. Bxe5 Bxe5 16. Nb3 c4 17. dxc4 b4 18. Qxd8 Rxd8 19. Nxa5 bxa3 20. c5 axb2 21. Rab1 Rbb8 22. Nxc6 Bxf1 23. Kxf1 Bxc3 24. Nxd8 Rxd8 25.
Ke2 e5 26. a5 Ra8 27. Kd3 Bd4 28. f4 f6 29. fxe5 fxe5 30. Kc4 Rxa5 31. Kb4 Rxc5 32. Rxb2 Bxb2 33. Kxc5 Kf7 34. Kc4 Ke6 35. Kd3 Bd4 36. Ke2 h5 37. Kf3 g5 38. Kg3 Kd6 39. Kf3 Kc5 40. g3 Kb4 41. g4 h4 42. Ke2 Kc3 43.
Kf3 Kd3 44. Kg2 Kxe4 45. Kf1 Kf3 46. Ke1 e4 47. Kd1 e3 0-1

[Event "*** MasterClass Titled Tuesday Blitz"]
[Site "Chess.com"]
[Date "2017.09.05"]
[Round "6"]
[White "JSPrepz"]
[Black "fastestmindalive"]
[Result "1-0"]
[WhiteElo "2471"]
[BlackElo "2601"]
[TimeControl "180+2"]
[EndTime "14:27:27 PDT"]
[Termination "JSPrepz won by resignation"]

1. c4 Nf6 2. g3 g6 3. Bg2 Bg7 4. Nf3 O-O 5. d4 d6 6. O-O c5 7. dxc5 dxc5 8. Ne5 Nfd7 9. Nd3 Qb6 10. Nc3 Nc6 11. Nd5 Qd8 12. Be3 e6 13. Nc3 Qe7 14. Rb1 Nd4 15. b4 cxb4 16. Nxb4 Nf5 17. Bd2 Ne5 18.
Qc1 Nxc4 19. Bg5 Qe8 20. Ne4 Ne5 21. Nf6+ Bxf6 22. Bxf6 Nd7 23. Ba1 f6 24. Rd1 a5 25.
Nd3 Rb8 26. Nf4 Ne5 27. Qc7 Bd7 28. Bxe5 fxe5 29. Rxd7 exf4 30. g4 Rc8 31. Qxb7 Rb8 32. Qxb8 Qxd7 33. Qe5 Nh6 34. Rb7 Nxg4 35. Qa1 Rd8 36.
Rxd7 Rxd7 37. Bh3 h6 38. Bxg4 1-0

[Event "*** MasterClass Titled Tuesday Blitz"]
[Site "Chess.com"]
[Date "2017.09.05"]
[Round "6"]
[White "Izoria123"]
[Black "jcibarra"]
[Result "0-1"]
[WhiteElo "2641"]
[BlackElo "2701"]
[TimeControl "180+2"]
[EndTime "14:27:30 PDT"]
[Termination "jcibarra won by resignation"]

1. Nf3 Nf6 2. c4 d6 3. d4 g6 4.
Nc3 Bf5 5. g3 Ne4 6. Na4 Nf6 7.
Bg2 Bg7 8. O-O O-O 9. b3 Qd7 10. Nc3 Ne4 11. Nxe4 Bxe4 12. Bb2 Nc6 13. Qd2 d5 14. e3 a5 15. Bc3 a4 16. Rfc1 axb3 17. axb3 e6 18. Ne1 Bxg2 19. Kxg2 Rxa1 20. Rxa1 Rb8 21.
Nd3 b6 22. Qa2 h5 23. h4 Ne7 24. Qa4 Qc8 25. Bb4 c5 26. Bc3 dxc4 27. bxc4 Nf5 28.
Ne5 cxd4 29. exd4 b5 30. Qa7 Bxe5 31. dxe5 bxc4 32. Rd1 Qc6+ 33. Kg1 Ra8 34. Qe7 Nxe7 0-1

[Event "*** MasterClass Titled Tuesday Blitz"]
[Site "Chess.com"]
[Date "2017.09.05"]
[Round "6"]
[White "Quiet_Desperation"]
[Black "Darkbluelord"]
[Result "0-1"]
[WhiteElo "2215"]
[BlackElo "2147"]
[TimeControl "180+2"]
[EndTime "14:27:33 PDT"]
[Termination "Darkbluelord won by resignation"]

1. e4 c5 2. Nf3 d6 3. d4 cxd4 4.
Nxd4 Nf6 5. Nc3 g6 6. Be3 Bg7 7. f3 O-O 8. Qd2 Nc6 9. Bc4 Bd7 10. O-O-O Ne5 11. Bb3 Qa5 12. h4 Rfc8 13. Nde2 b5 14.
Nd5 Qxd2+ 15. Rxd2 Nxd5 16. Bxd5 Bc6 17. Bxc6 Rxc6 18.
b3 b4 19. Bd4 Bh6 20. f4 Ng4 21. g3 e5 22. Bg1 Nf6 23. Rd5 Nxe4 24. Kb2 a5 25.
fxe5 dxe5 26. g4 Rac8 27. c4 bxc3+ 28. Kc2 Nf6 29. Rxa5 Nxg4 30. h5 Rd8 31. hxg6 Rd2+ 32. Kc1 Rxe2+ 0-1

[Event "*** MasterClass Titled Tuesday Blitz"]
[Site "Chess.com"]
[Date "2017.09.05"]
[Round "6"]
[White "r31415"]
[Black "ditkin25"]
[Result "0-1"]
[WhiteElo "2162"]
[BlackElo "2232"]
[TimeControl "180+2"]
[EndTime "14:27:39 PDT"]
[Termination "ditkin25 won by resignation"]

1. e4 c5 2. Nf3 d6 3. d4 Nf6 4.
Nc3 cxd4 5. Nxd4 Nc6 6. h3 e6 7. g4 h6 8. Bg2 Be7 9. Be3 a6 10. O-O g5 11. Nxc6 bxc6 12. e5 Nd5 13. exd6 Bxd6 14.
Bd4 Rg8 15. Ne4 Be7 16. c4 Nf4 17. Nf6+ Bxf6 18. Bxc6+ Bd7 19. Bxf6 Nxh3+ 20. Kh2 Qc7+ 21. Kxh3 Bxc6 22. Qd4 h5 23. f3 hxg4+ 24. Kxg4 Qh2 25. Qf2 Qf4+ 26. Kh3 Qxf6 27. Qb6 Rh8+ 28. Kg2 e5 29. Rae1 Rc8 30. Qc5 Bxf3+ 31. Rxf3 Qxf3+ 32. Kxf3 Rxc5 0-1

[Event "*** MasterClass Titled Tuesday Blitz"]
[Site "Chess.com"]
[Date "2017.09.05"]
[Round "6"]
[White "Keranke"]
[Black "danyuffa"]
[Result "0-1"]
[WhiteElo "2678"]
[BlackElo "2586"]
[TimeControl "180+2"]
[EndTime "14:27:42 PDT"]
[Termination "danyuffa won by resignation"]

1. d4 Nf6 2. Nf3 g6 3. c4 Bg7 4. Nc3 O-O 5. g3 c5 6. d5 e6 7. Bg2 exd5 8. cxd5 d6 9. O-O a6 10. a4 Re8 11. Nd2 Nbd7 12. h3 Rb8 13. a5 Nh5 14.
Nce4 Ndf6 15. Nxf6+ Nxf6 16. Nc4 Bf8 17. Re1 Bd7 18.
e4 Bb5 19. b3 Bg7 20. Bb2 Bxc4 21. bxc4 b5 22. axb6 Rxb6 23. Bc3 Nd7 24. Bxg7 Kxg7 25. f4 Qf6 26. Kh2 h5 27. h4 Reb8 28. Re2 Rb2 29. Rxa6 Qd4 30. Qxd4+ cxd4 31. Rxb2 Rxb2 32. Kh3 d3 33.
Rxd6 Rxg2 34. Rxd7 Rc2 0-1

[Event "*** MasterClass Titled Tuesday Blitz"]
[Site "Chess.com"]
[Date "2017.09.05"]
[Round "6"]
[White "MartinMatthiesen"]
[Black "mwpchess"]
[Result "1-0"]
[WhiteElo "2319"]
[BlackElo "2445"]
[TimeControl "180+2"]
[EndTime "14:27:44 PDT"]
[Termination "MartinMatthiesen won by resignation"]

1. d4 Nf6 2. c4 e6 3. Nc3 Bb4 4.
g3 O-O 5. Bg2 d5 6. Nf3 dxc4 7. O-O Nc6 8. a3 Be7 9. e3 a6 10. Qe2 Na5 11. Ne5 Rb8 12. Nxc4 Nb3 13. Rb1 Nxc1 14. Rfxc1 c5 15. dxc5 Bxc5 16. b4 Ba7 17.
Na5 Bb6 18. Nc4 Bc7 19. b5 axb5 20. Nxb5 Bd7 21. Nxc7 Qxc7 22. Qb2 b5 23. Ne5 Qa7 24. Bc6 Rb6 25. Nxd7 Nxd7 26. Bxb5 Qb7 27. a4 Qe4 28. Qc2 Qxc2 29. Rxc2 Ne5 30. a5 Rb7 31. a6 Ra7 32. f4 Ng6 33. Bf1 Ne7 34. Rb7 Rfa8 35. Rcc7 1-0

[Event "*** MasterClass Titled Tuesday Blitz"]
[Site "Chess.com"]
[Date "2017.09.05"]
[Round "6"]
[White "johnathan113"]
[Black "michaelq2d5"]
[Result "1-0"]
[WhiteElo "2539"]
[BlackElo "2631"]
[TimeControl "180+2"]
[EndTime "14:27:46 PDT"]
[Termination "johnathan113 won by checkmate"]

1. e4 e5 2. Nf3 Nc6 3. d4 exd4 4. Nxd4 Bc5 5. Nb3 Bb6 6. Nc3 Nf6 7. Qe2 a5 8. a4 Nb4 9. Bg5 O-O 10. O-O-O d6 11. f3 Re8 12. g4 Qe7 13. h4 c6 14.
h5 h6 15. Bh4 Qe5 16. Kb1 d5 17. exd5 Qxe2 18. Bxe2 Nfxd5 19. Bc4 Ne3 20. Rde1 Bd7 21. Bd3 Nxd3 22. cxd3 Ng2 23. Rxe8+ Rxe8 24. Ne4 Be6 25.
Nbc5 Nxh4 26. Rxh4 Bd5 27. Nxb7 Rb8 28. Nbd6 Bd4 29.
Rh2 Rb4 30. Nf5 Be5 31. Rc2 Kf8 32. Ne3 Bb3 33. Rxc6 Bxb2 34. Rc8+ Ke7 35. Nf5+ Kd7 36. Ra8 Bd5 37. Ra7+ Ke6 38. Re7# 1-0

[Event "*** MasterClass Titled Tuesday Blitz"]
[Site "Chess.com"]
[Date "2017.09.05"]
[Round "6"]
[White "BartoszSocko"]
[Black "wonderfultime"]
[Result "0-1"]
[WhiteElo "2612"]
[BlackElo "2670"]
[TimeControl "180+2"]
[EndTime "14:27:56 PDT"]
[Termination "wonderfultime won by resignation"]

1. e4 c5 2. Nf3 d6 3. d4 cxd4 4. Nxd4 Nf6 5. Nc3 g6 6. Be3 Bg7 7. f3 Nc6 8. Qd2 O-O 9. g4 Be6 10. O-O-O Nxd4 11. Bxd4 Qa5 12. a3 Rfc8 13. Nd5 Qxd2+ 14.
Rxd2 Bxd5 15. exd5 Bh6 16. Bxf6 exf6 17. Kd1 Bxd2 18. Kxd2 Kg7 19. c4 Rh8 20. h3 h5 21.
Rg1 hxg4 22. fxg4 Rae8 23. Rg3 b6 24. b4 Re5 25. Bd3 Kh6 26. Rf3 Kg7 27. a4 a5 28.
Bf1 f5 29. g5 f4 30. bxa5 bxa5 31. Rxf4 Rxg5 32. Re4 Kf6 33. Re3 Rb8 34. Bd3 Rg2+ 35.
Kc3 Ra2 36. c5 Ra3+ 37. Kc2 dxc5 38. Rf3+ Kg7 39. Rf1 Rxa4 40. Re1 Rd4 41. Re7 Rxd5 42. Bc4 Rf5 43. Ra7 a4 44. h4 Rf4 45. Bd5 Rh8 46.
Kd3 Rd4+ 0-1

[Event "*** MasterClass Titled Tuesday Blitz"]
[Site "Chess.com"]
[Date "2017.09.05"]
[Round "6"]
[White "gmcorrales"]
[Black "Yaacovn"]
[Result "0-1"]
[WhiteElo "2667"]
[BlackElo "2642"]
[TimeControl "180+2"]
[EndTime "14:27:59 PDT"]
[Termination "Yaacovn won by checkmate"]

1. e4 c6 2. d4 d5 3. e5 Bf5 4.
Nf3 e6 5. Be2 Ne7 6. O-O Bg6 7.
Nbd2 Nf5 8. a4 a6 9. Nb3 Nd7 10. a5 c5 11. c4 dxc4 12. Bxc4 cxd4 13. Nbxd4 Rc8 14. b3 Nxd4 15. Qxd4 Bh5 16. Ng5 Bc5 17. Qe4 Be7 18. Bxe6 Nc5 19. Bxf7+ Bxf7 20. Qg4 O-O 21.
Nxf7 Rxf7 22. Ba3 Qf8 23. Rac1 Rc6 24. e6 Rf6 25. Bb2 Rf4 26. Qg3 Ne4 27. Qd3 Nxf2 28.
Qd7 Bc5 29. Bxg7 Ng4+ 30. Kh1 Rxf1+ 31. Rxf1 Qxf1# 0-1

[Event "*** MasterClass Titled Tuesday Blitz"]
[Site "Chess.com"]
[Date "2017.09.05"]
[Round "6"]
[White "Grebeniuk-S"]
[Black "Blitzstream"]
[Result "1/2-1/2"]
[WhiteElo "2394"]
[BlackElo "2475"]
[TimeControl "180+2"]
[EndTime "14:28:05 PDT"]
[Termination "Game drawn by repetition"]

1. d4 g6 2. Nf3 Bg7 3. c3 e6 4.
e4 d6 5. Bd3 Ne7 6. h4 h6 7.
Nbd2 b6 8. a4 a6 9. h5 g5 10.
Nf1 Bb7 11. Ng3 Nd7 12. O-O c5 13. d5 exd5 14. exd5 Bxd5 15. Re1 Bxf3 16. Qxf3 Ne5 17. Qe2 Nxd3 18. Qxd3 O-O 19. f4 gxf4 20. Bxf4 Ra7 21. Qxd6 Nd5 22. Rad1 Rd7 23. Qc6 Bd4+ 24. cxd4 Nxf4 25.
Nf5 Qg5 26. Nxh6+ Kh7 27. Re5 Qg3 28. Nf5 Nh3+ 29. Kh1 Nf2+ 30. Kg1 Nh3+ 31. Kh1 Nf2+ 32. Kg1 Nh3+ 33. Kh1 Nf2+ 34. Kg1 Nh3+ 35. Kh1 Nf2+ 36. Kg1 Nh3+ 1/2-1/2

[Event "*** MasterClass Titled Tuesday Blitz"]
[Site "Chess.com"]
[Date "2017.09.05"]
[Round "6"]
[White "Peroncio"]
[Black "josiwales"]
[Result "0-1"]
[WhiteElo "2407"]
[BlackElo "2330"]
[TimeControl "180+2"]
[EndTime "14:28:05 PDT"]
[Termination "josiwales won by resignation"]

1. e4 c5 2. Nf3 Nc6 3. d4 cxd4 4. Nxd4 Nf6 5. Nc3 e5 6. Ndb5 d6 7. Bg5 a6 8. Na3 b5 9. Nd5 Be7 10. Bxf6 Bxf6 11. c3 Ne7 12. Nxe7 Qxe7 13. Nc2 Bb7 14. Qd3 O-O 15. Be2 Rfd8 16. Ne3 Bg5 17. Nd5 Qe6 18.
Nc7 Qg6 19. Bf3 d5 20. Qe2 dxe4 21. Bh5 Qf6 22. Nxa8 Rd2 23. Qxd2 Bxd2+ 24. Kxd2 Bxa8 25. Be2 Qxf2 26. Rhg1 Qf4+ 27. Kc2 e3 28. Rad1 g6 29. Kc1 Kg7 30. g3 Qa4 31. Bd3 Qxa2 32. Rge1 Qa1+ 33.
Kc2 Qa4+ 34. Kb1 Be4 35. Kc1 Bxd3 36. Rxd3 Qa1+ 37. Kc2 Qxe1 38. Rxe3 Qxe3 0-1

[Event "*** MasterClass Titled Tuesday Blitz"]
[Site "Chess.com"]
[Date "2017.09.05"]
[Round "6"]
[White "dhanushbharadwaj"]
[Black "The_Jagermeister"]
[Result "0-1"]
[WhiteElo "2410"]
[BlackElo "2419"]
[TimeControl "180+2"]
[EndTime "14:28:11 PDT"]
[Termination "The_Jagermeister won by resignation"]

1. Nf3 d5 2. c4 e6 3. b3 Nf6 4.
g3 c5 5. Bg2 Nc6 6. O-O d4 7. d3 Be7 8. e3 e5 9. exd4 exd4 10.
Re1 O-O 11. Bf4 h6 12. Ne5 Nxe5 13. Bxe5 Re8 14. Nd2 Bg4 15. Bf3 Qd7 16. Bxf6 Bxf3 17. Qxf3 Bxf6 18. Ne4 Be7 19. Re2 Bf8 20. Rae1 Re6 21.
Qg4 Kh8 22. f4 Rae8 23. f5 Re5 24. Rf1 Qc8 25. Ref2 f6 26. Qg6 R8e7 27. Rf4 Qe8 28. Qg4 Rd7 29. Qh4 a6 30. Rg4 b5 31. Rg6 bxc4 32. bxc4 Rb7 33. Rf2 Rb1+ 34. Kg2 Rd1 35. Rf3 Qd7 36. Qg4 Qb7 37. Nxf6 Re2+ 38. Kh3 Rxh2+ 39.
Kxh2 Qb2+ 40. Rf2 Qxf2+ 0-1

[Event "*** MasterClass Titled Tuesday Blitz"]
[Site "Chess.com"]
[Date "2017.09.05"]
[Round "6"]
[White "RitvarsReimanis"]
[Black "MITerryble"]
[Result "0-1"]
[WhiteElo "2470"]
[BlackElo "2689"]
[TimeControl "180+2"]
[EndTime "14:28:20 PDT"]
[Termination "MITerryble won by resignation"]

1. d4 Nf6 2. c4 e6 3. Nc3 Bb4 4. Qc2 O-O 5. Nf3 d5 6. cxd5 Qxd5 7. e3 c5 8. a3 Bxc3+ 9. bxc3 Nc6 10. Be2 b6 11.
O-O Bb7 12. c4 Qd6 13. Bb2 cxd4 14. exd4 Rac8 15. Rac1 Na5 16. Qa4 Bc6 17. Qb4 Qxb4 18. axb4 Bxf3 19. gxf3 Nc6 20. b5 Na5 21. Bc3 Nb7 22.
Bb4 Rfd8 23. Rfd1 Nd6 24. Bd3 Nh5 25. Bd2 Nf5 26. Be3 Nh4 27. f4 g6 28. Be4 Nf5 29. Bxf5 gxf5 30. c5 Nf6 31. c6 Rd5 32. Rb1 Ne4 33. Rd3 Nd6 34. Rdb3 f6 35. Kf1 Kf7 36. Ke2 Rg8 37. Kf3 Ke7 38. Rb4 Kd8 39. h3 Kc7 40. Bd2 Ra8 41. Be3 a6 42. bxa6 Rxa6 43. Rg1 Kxc6 44.
Rg7 Rb5 45. Rxb5 Nxb5 46. Rxh7 Ra3 47. Kg2 Nc3 48. Rf7 Nd5 49. Kf3 b5 50. Ke2 b4 51.
Kd2 b3 52. Rf8 Ra2+ 53. Kd3 Nb4+ 54. Kc3 b2 0-1

[Event "*** MasterClass Titled Tuesday Blitz"]
[Site "Chess.com"]
[Date "2017.09.05"]
[Round "6"]
[White "Iball95"]
[Black "jk13"]
[Result "0-1"]
[WhiteElo "2575"]
[BlackElo "2436"]
[TimeControl "180+2"]
[EndTime "14:28:22 PDT"]
[Termination "jk13 won by checkmate"]

1. d4 Nf6 2. Bf4 e6 3. e3 d5 4. Nd2 c5 5. c3 Nc6 6. Ngf3 Bd6 7. Bg3 O-O 8. Bd3 b6 9. e4 Be7 10. e5 Nh5 11. Qe2 cxd4 12. Nxd4 Nxd4 13. Qxh5 g6 14. Qg4 Nf5 15. Bxf5 exf5 16. Qe2 d4 17. cxd4 Qxd4 18.
O-O Qxb2 19. Rfb1 Qa3 20. Nf3 Qa4 21. Qe3 Bb7 22. Rd1 Rad8 23. Re1 Bc5 24. Qh6 Bxf3 25. gxf3 Rfe8 26. Rac1 Rd3 27. e6 Qxa2 28. e7 Rxf3 29. Rf1 Rxg3+ 30. hxg3 Rxe7 31. Rcd1 Re8 32. Rd7 a5 33. Qf4 Kg7 34. Rfd1 Re2 35. Rf1 Qb3 36. Kg2 Qb5 37. Qc7 Qc4 38. Rd8 Qe4+ 39. Kg1 Rxf2 40.
Rxf2 Qe1+ 41. Kg2 Qxf2+ 42. Kh3 Qf1+ 43. Kh2 Bg1+ 44. Kh1 Bf2+ 45. Kh2 Qg1+ 46. Kh3 Qh1# 0-1

[Event "*** MasterClass Titled Tuesday Blitz"]
[Site "Chess.com"]
[Date "2017.09.05"]
[Round "6"]
[White "aa175"]
[Black "blitzcopter"]
[Result "1-0"]
[WhiteElo "1859"]
[BlackElo "2024"]
[TimeControl "180+2"]
[EndTime "14:28:23 PDT"]
[Termination "aa175 won by resignation"]

1. e4 c6 2. Nf3 d5 3. exd5 cxd5 4. d3 Nc6 5. Be2 Bg4 6. h3 Bh5 7. c3 e6 8. Be3 Bd6 9. Nbd2 Nge7 10. O-O Qc7 11.
Nb3 O-O 12. Nfd4 Bxe2 13. Qxe2 a6 14. Nxc6 Nxc6 15. Nd4 Nxd4 16. Bxd4 e5 17. Be3 Rfe8 18. Rad1 d4 19. Bd2 dxc3 20. Bxc3 Rad8 21. Rfe1 f6 22. Qe4 Qf7 23. a3 Bc5 24. Kf1 Bd4 25. Rb1 Qb3 26.
Rec1 b5 27. g4 Qe6 28. Kg2 Rd7 29. Re1 Qb6 30. f3 Red8 31. Red1 Rd6 32. Rdc1 R8d7 33. Rc2 g6 34. Rbc1 Kg7 35. h4 Qd8 36. Bb4 Rd5 37. Rc8 Qb6 38. R1c6 Qb7 39. Bf8+ Kf7 40. Bd6 R5xd6 41.
Rxd6 Qxe4 42. Rxd7+ Ke6 43. dxe4 Kxd7 44. Rh8 Bxb2 45.
Rxh7+ Ke6 46. Ra7 Bxa3 47. Rxa6+ Bd6 48. h5 b4 1-0

[Event "*** MasterClass Titled Tuesday Blitz"]
[Site "Chess.com"]
[Date "2017.09.05"]
[Round "6"]
[White "3f32"]
[Black "NTBT_DHS"]
[Result "1-0"]
[WhiteElo "2383"]
[BlackElo "2516"]
[TimeControl "180+2"]
[EndTime "14:28:24 PDT"]
[Termination "3f32 won by checkmate"]

1. d4 Nf6 2. c4 g6 3. Nc3 Bg7 4. e4 O-O 5. Nf3 d6 6. h3 e5 7. d5 Nh5 8. g3 Qe8 9. Be2 f5 10. exf5 gxf5 11. Nh4 Nf6 12. f4 exf4 13. Bxf4 Nh5 14.
O-O Nxf4 15. Rxf4 Qe3+ 16. Kh2 Be5 17. Rf3 Qg5 18. Ng2 Na6 19. Nf4 Bd7 20. Bd3 Nc5 21. Qd2 Rae8 22. Raf1 Kh8 23. b4 Nxd3 24. Qxd3 Rg8 25.
Nce2 h5 26. h4 Qf6 27. Nxh5 Qh6 28. Nhf4 Rg4 29. Nd4 Qh7 30. Nde6 Bxe6 31. dxe6 Rxe6 32.
Nxe6 Rxh4+ 33. Kg1 Rh1+ 34. Kf2 Rh2+ 35. Ke1 Qh6 36. Nf4 Qf6 37. Nd5 Bxg3+ 38. Rxg3 Qa1+ 39. Qd1 Qxa2 40. Qd4+ Kh7 41. Qg7# 1-0

[Event "*** MasterClass Titled Tuesday Blitz"]
[Site "Chess.com"]
[Date "2017.09.05"]
[Round "6"]
[White "Scott-fox21"]
[Black "AllStarShark"]
[Result "1-0"]
[WhiteElo "2175"]
[BlackElo "2306"]
[TimeControl "180+2"]
[EndTime "14:28:29 PDT"]
[Termination "Scott-fox21 won on time"]

1. d4 d5 2. c4 dxc4 3. e3 e5 4.
Bxc4 exd4 5. exd4 Bd6 6. Nf3 Nf6 7. O-O O-O 8. Bg5 Nc6 9. Nc3 h6 10. Bh4 Bg4 11. h3 Bf5 12. Nd5 g5 13. Nxg5 hxg5 14.
Bxg5 Be7 15. Nxe7+ Qxe7 16. Qf3 Nxd4 17. Qf4 c5 18.
Qh4 Qe4 19. Bxf6 Qxh4 20. Bxh4 b5 21. Bd5 Rac8 22. Kh2 Kg7 23. Bf3 Nxf3+ 24. gxf3 Rfe8 25. Rg1+ Bg6 26. f4 Kh7 27. Rg5 a6 28. f5 Re2 29.
fxg6+ fxg6 30. Rag1 Rc6 31. Rd5 Rxb2 32. Bg5 Rc7 33.
Kg2 c4 34. Rgd1 Rf7 35. Rd7 Rxf2+ 36. Kg1 Rf5 37. h4 c3 38. R7d4 c2 39. Rc1 Rf1+ 40.
Rxf1 Rxf1+ 41. Kxf1 c1=Q+ 42. Bxc1 1-0